 Dungeon Crawl Stone Soup version 0.21.1-1-g345015f (webtiles) character file.

9 Monsterracer the Stinger (level 2, 0/20 HPs)
             Began as a Draconian Venom Mage on Feb 20, 2018.
             Slain by a gnoll
             ... wielding a +0 whip
              (5 damage)
             ... on level 1 of the Dungeon.
             The game lasted 00:01:43 (177 turns).

Monsterracer the Stinger (Draconian Venom Mage)      Turns: 177, Time: 00:01:43

Health: 0/20       AC:  4    Str: 10    XL:     2   Next: 3%
Magic:  0/5        EV: 12    Int: 15    God:
Gold:   0          SH:  0    Dex: 11    Spells: 4/5 levels left

rFire    . . .     SeeInvis .   d - +0 dagger (curse)
rCold    . . .     Gourm    .   (no shield)
rNeg     . . .     Faith    .   (armour unavailable)
rPois    .         Spirit   .   (helmet restricted)
rElec    .         Reflect  .   (no cloak)
rCorr    .         Harm     .   (no gloves)
MR       .....                  (no boots)
Stlth    ++........             (no amulet)
HPRegen  0.06/turn              (no ring)
MPRegen  0.09/turn              (no ring)

@: no status effects
A: unfitting armour, cold-blooded, AC +4
a: no special abilities


You were on level 1 of the Dungeon.
You were not hungry.

You visited 1 branch of the dungeon, and saw 1 of its levels.

Inventory:

Hand Weapons
 d - a cursed +0 dagger (weapon)
Potions
 b - a potion of resistance {unknown}
Books
 a - a Young Poisoner's Handbook

   Spells                             Type                      Level
   a - Sting                          Conjuration/Poison           1
   b - Poisonous Vapours              Poison/Air                   2
   c - Mephitic Cloud                 Conjuration/Poison/Air       3
   d - Olgreb's Toxic Radiance        Poison                       4
   e - Venom Bolt                     Conjuration/Poison           5
Comestibles
 c - a ration


   Skills:
 - Level 1.7 Dodging
 - Level 1.7 Stealth
 + Level 2.1 Spellcasting
 * Level 1.5 Conjurations
 * Level 3.2 Poison Magic


You had 4 spell levels left.
You knew the following spells:

 Your Spells              Type           Power        Failure   Level  Hunger
b - Sting                 Conj/Pois      #...         9%          1    #......


Dungeon Overview and Level Annotations

Branches:
Dungeon (1/15)

Altars:


Innate Abilities, Weirdness & Mutations

Your plain brown scales are hard. (AC +4)
You cannot fit into any form of body armour.
You are cold-blooded and may be slowed by cold attacks.


Message History

A dart slug comes into view.
The bat barely misses you. The bat hits you but does no damage.
A kobold comes into view.
The bat hits you but does no damage. The bat closely misses you.
The kobold shouts!
The bat hits you but does no damage.
The kobold throws a stone.
The stone hits you but does no damage.
Things that are here:
a stone; a dagger; a kobold corpse
d - a dagger The bat hits you but does no damage. x2
Wield which item (- for none, * to show all)? (? for menu, Esc to quit)
It sticks to your hand!
d - a cursed +0 dagger (weapon)
The bat hits you but does no damage. The bat barely misses you.
The bat hits you.
You take 1 damage, and have 14/20 hp.
The bat misses you. The bat hits you but does no damage. x2
The bat hits you but does no damage. The bat hits you but does no damage.
The bat barely misses you.
You hit the bat.
The bat is severely wounded.
The bat misses you.
Casting: Sting
Confirm with . or Enter, or press ? or * to list all spells.
Aiming: Sting
Press: ? - help, Shift-Dir - straight line, f/p - gnoll
Aim: a gnoll, wielding a whip (moderately wounded)
The sting hits the gnoll.
The gnoll appears unharmed.
The gnoll is moderately wounded.
The gnoll misses you.
You now have 0/5 mp.
The bat completely misses you. The bat closely misses you.
Found 15 poisoned needles.
The bat barely misses you. The bat misses you. The bat closely misses you.
The bat misses you.
Casting: Sting
Confirm with . or Enter, or press ? or * to list all spells.
Aiming: Sting
Press: ? - help, Shift-Dir - straight line, f/p - gnoll
Aim: a gnoll, wielding a whip (moderately wounded)
The sting misses the gnoll.
The bat barely misses you.
You now have 0/5 mp.
The bat hits you but does no damage.
You see here a stone.
The bat misses you. The bat barely misses you.
You hit the bat but do no damage.
The bat is moderately wounded.
The bat hits you.
You take 1 damage, and have 14/20 hp.
The bat barely misses you.
You miss the bat.
The bat is moderately wounded.
The bat hits you. The bat misses you.
You take 1 damage, and have 13/20 hp.
You hit the bat.
You kill the bat!
You see here a jackal corpse.
Casting: Sting
Confirm with . or Enter, or press ? or * to list all spells.
Aiming: Sting
Press: ? - help, Shift-Dir - straight line, f/p - gnoll
Aim: a gnoll, wielding a whip (moderately wounded)
The sting misses the gnoll.
The gnoll barely misses you.
You now have 0/5 mp.
You see here a stone.
You see here a stone.
The kobold throws a stone.
The stone hits you but does no damage.
You see here a stone.
Found a ration.
Casting: Sting
Confirm with . or Enter, or press ? or * to list all spells.
Aiming: Sting
Press: ? - help, Shift-Dir - straight line, f/p - gnoll
Aim: a gnoll, wielding a whip (moderately wounded)
The sting hits the gnoll.
The gnoll appears unharmed.
The gnoll is moderately wounded.
The gnoll hits you with a whip.
* * * LOW HITPOINT WARNING * * *
You take 4 damage, and have 10/20 hp.
You now have 0/5 mp.
A dart slug comes into view.
The gnoll hits you with a whip.
* * * LOW HITPOINT WARNING * * *
You take 6 damage, and have 4/20 hp.
MASSIVE DAMAGE!!
Found 11 gold pieces.
Casting: Sting
Confirm with . or Enter, or press ? or * to list all spells.
Aiming: Sting
Press: ? - help, Shift-Dir - straight line, f/p - gnoll
Aim: a gnoll, wielding a whip (moderately wounded)
The sting hits the gnoll.
The gnoll appears unharmed.
The gnoll is moderately wounded.
The gnoll hits you with a whip.
You die...

......#.....####..#
#...............K.....
#..............###....
###..........##..###....
......!......##..(...###
......?......##.(..†.###
.........#...##(........
.............(..†.......
.......@##..(####(%.#...
##.....g#....(..(.......
######......####(..#...
###.................
#...%......###.......
#....#.###K# #....###
#....#.# #.####.....#
......#.###...##.....#
...$...........##.....#


You could see a gnoll.

Vanquished Creatures
  A hobgoblin (D:1)
  3 jackals (D:1)
  2 kobolds (D:1)
  A bat (D:1)
7 creatures vanquished.

Notes
Turn   | Place    | Note
-------+----------+-------------------------------------------
     0 | D:1      | Monsterracer the Draconian Venom Mage began the quest for the Orb.
     0 | D:1      | Reached XP level 1. HP: 14/14 MP: 3/3
    95 | D:1      | Reached XP level 2. HP: 15/20 MP: 0/5
   160 | D:1      | HP: 10/20 [gnoll/whip (4)]
   167 | D:1      | HP: 4/20 [gnoll/whip (6)]
   177 | D:1      | Slain by a gnoll

Action                   || total
-------------------------++-------
Melee: Unarmed           ||     5
       Dagger            ||     4
 Cast: Sting             ||    15
Armor: Skin              ||    31
Dodge: Dodged            ||    50

Vault maps used:
D:1:      dpeg_arrival_pond
